 Dungeon Crawl Stone Soup version 0.25-a0-613-gf4b266557c (webtiles) character file.

Game seed: 5236630383157594964, levelgen mode: deterministic

315993 einarkeyser the Impregnable (level 20, -5/180 HPs)
             Began as a Minotaur Fighter on Mar 17, 2020.
             Was the Champion of the Shining One.
             Slain by a Hell Sentinel (17 damage)
             ... summoned by a deep elf demonologist
             ... on level 3 of the Elven Halls.
             The game lasted 02:28:28 (39203 turns).

einarkeyser the Impregnable (Minotaur Fighter)     Turns: 39203, Time: 02:28:29

Health: -5/180     AC: 30    Str: 31    XL:     20   Next: 86%
Magic:  21/28      EV: 13    Int: 11    God:    the Shining One [******]
Gold:   2065       SH: 18    Dex: 10    Spells: 19/19 levels left

rFire    + + .     SeeInvis .   N - +9 broad axe (vorpal)
rCold    + + .     Gourm    .   Z - +3 kite shield {AC+3}
rNeg     + + +     Faith    .   s - +2 chain mail "Palue" {rElec rF+ Regen+ Int+4}
rPois    +         Spirit   .   x - +2 hat
rElec    +         Reflect  .   a - scarf {cloud immunity}
rCorr    +         Harm     .   u - +1 pair of gloves of Noon {rPois rCorr Str+3}
MR       ++...                  M - +2 pair of boots
Stlth    ..........             o - amulet of regeneration
HPRegen  1.20/turn              Y - ring of protection from cold
MPRegen  0.21/turn              B - ring of protection from magic

@: resistant, slowed, glowing, very slow
A: retaliatory headbutt, horns 2, frail 1
}: 1/15 runes: gossamer
a: Divine Shield, Cleansing Flame, Summon Divine Warrior, Brand Weapon With Holy
Wrath, Renounce Religion


You were on level 3 of the Elven Halls.
You worshipped the Shining One.
The Shining One was exalted by your worship.
You were not hungry.

You visited 7 branches of the dungeon, and saw 35 of its levels.
You also visited: Bailey.

You collected 3956 gold pieces.
You spent 1891 gold pieces at shops.

Inventory:

Hand Weapons
 t - the +9 dagger "Wayrejus" {elec, +Rage Str+3}
   (You took it off a big kobold on level 8 of the Dungeon)

   Occasionally, upon striking a foe, it will discharge some electrical energy
   and cause terrible harm.
   It affects your strength (+3).
   It lets you go berserk.
 w - the +7 war axe of War {protect, +Blink rF++ rN+ Int-4 SInv}
   (You found it on level 2 of the Vaults)

   It grants its wielder temporary protection when it strikes (+7 to AC).
   It affects your intelligence (-4).
   It greatly protects you from fire.
   It protects you from negative energy.
   It lets you see invisible.
   It lets you blink.
 N - a +9 vorpal broad axe (weapon)
Missiles
 v - 98 poisoned darts (quivered)
 I - 3 throwing nets
Armour
 a - a scarf of cloud immunity (worn)
 s - the +2 chain mail "Palue" (worn) {rElec rF+ Regen+ Int+4}
   (You found it on level 2 of the Vaults)

   It affects your intelligence (+4).
   It protects you from fire.
   It insulates you from electricity.
   It increases your rate of regeneration.
 u - the +1 pair of gloves of Noon (worn) {rPois rCorr Str+3}
   (You found it on level 1 of the Elven Halls)

   It affects your strength (+3).
   It protects you from poison.
   It provides partial protection from all sources of acid and corrosion.
 x - a +2 hat (worn)
 M - a +2 pair of boots (worn)
 Z - a +3 kite shield of protection (worn)
Jewellery
 o - an amulet of regeneration (around neck)
 B - a ring of protection from magic (right hand)
 T - the ring of Tuoghufa {rPois rN+ Str-5 Dex+2}
   (You took it off a yaktaur on level 13 of the Dungeon)

   [ring of positive energy]

   It affects your strength (-5).
   It affects your dexterity (+2).
   It protects you from poison.
   It protects you from negative energy.
 U - an uncursed ring of protection from fire
 Y - a ring of protection from cold (left hand)
Wands
 d - a wand of polymorph (16)
 k - a wand of digging (8)
 D - a wand of flame (35)
 F - a wand of iceblast (16)
 J - a wand of paralysis (13)
 P - a wand of acid (41)
 V - a wand of scattershot (2)
Scrolls
 c - 12 scrolls of identify
 h - 12 scrolls of teleportation
 i - 18 scrolls of remove curse
 l - a scroll of amnesia
 q - 2 scrolls of blinking
 A - 2 scrolls of fog
 E - a scroll of enchant weapon
 G - a scroll of silence
 R - 4 scrolls of magic mapping
 S - a scroll of summoning
Potions
 e - 2 potions of might
 g - 7 potions of lignification
 j - 5 potions of curing
 m - 2 potions of flight
 n - 3 potions of haste
 p - 4 potions of heal wounds
 r - a potion of ambrosia
 z - 2 potions of invisibility
 H - 5 potions of mutation
 K - a potion of cancellation
 L - a potion of resistance
Miscellaneous
 y - a lightning rod (4/4)
 C - a phantom mirror
 X - a fan of gales
Comestibles
 b - 12 chunks of flesh
 f - 48 rations


   Skills:
 + Level 22.2 Fighting
 - Level 3.0 Short Blades
 - Level 18.0 Axes
 + Level 22.3 Armour
 - Level 9.0 Dodging
 - Level 15.0 Shields
 - Level 12.0 Invocations
 - Level 9.0 Evocations


You had 19 spell levels left.
You didn't know any spells.
Your spell library contained the following spells:

 Spells                   Type           Power        Failure   Level  Hunger
 Animate Skeleton         Necr           N/A          63%         1    ##.....
 Apportation              Tloc           #.....       63%         1    ##.....
 Corona                   Hex            #......      63%         1    ##.....
 Pain                     Necr           #...         63%         1    ##.....
 Shock                    Conj/Air       #...         63%         1    ##.....
 Summon Small Mammal      Summ           #...         63%         1    ##.....
 Blink                    Tloc           N/A          77%         2    ###....
 Call Imp                 Summ           #.......     77%         2    ###....
 Shroud of Golubria       Chrm/Tloc      #.....       77%         2    ###....
 Swiftness                Chrm/Air       #.......     77%         2    ###....
 Call Canine Familiar     Summ           #.......     94%         3    ####...
 Gell's Gravitas          Tloc           #.........   94%         3    ####...
 Lesser Beckoning         Tloc           #.........   94%         3    ####...
 Static Discharge         Conj/Air       #.......     94%         3    ####...
 Summon Guardian Golem    Hex/Summ       #.......     94%         3    ####...
 Teleport Other           Tloc           #.......     94%         3    ####...
 Vampiric Draining        Necr           #.........   94%         3    ####...
 Airstrike                Air            #.........   100%        4    #####..
 Animate Dead             Necr           N/A          100%        4    #####..
 Passage of Golubria      Tloc           N/A          100%        4    #####..
 Summon Ice Beast         Ice/Summ       #.......     100%        4    #####..
 Summon Lightning Spire   Summ/Air       #.......     100%        4    #####..
 Agony                    Necr           #.......     100%        5    ######.
 Lightning Bolt           Conj/Air       #.........   100%        5    ######.


Dungeon Overview and Level Annotations

Branches:
Dungeon (15/15)            Temple (1/1) D:4            Lair (6/6) D:9
 Shoals (0/4) Lair:3       Spider (4/4) Lair:2        Slime (0/5) Lair:5
    Orc (2/2) D:10            Elf (3/3) Orc:2        Vaults (4/5) D:13
  Crypt (0/3) Vaults:3     Depths (0/5) D:15         Bailey (visited)

Altars:
Ashenzari
Cheibriados
Dithmenos
Elyvilon
Fedhas
Gozag
Hepliaklqana
Kikubaaqudgha
Makhleb
Nemelex Xobeh
Okawaru
Qazlal
Ru
Sif Muna
Trog
Uskayaw
Vehumet
Wu Jian
Xom
Yredelemnul
Zin
The Shining One
Beogh
Jiyva

Shops:
D:5 =*   D:12 *   Orc:2 (*[?   Elf:3 :   Vaults:1 *   Vaults:2 [%:
Vaults:3 *:?


Innate Abilities, Weirdness & Mutations

You reflexively headbutt those who attack you in melee.
You have a pair of horns on your head.
You are frail. (-10% HP)


Message History

You destroy the lost soul!
The ynoxinul convulses!
You kill the ynoxinul!
The sixfirhy is lost in a daze.
The deep elf blademaster hits you with a +0 quick blade.
* * * LOW HITPOINT WARNING * * *
You block the deep elf blademaster's attack.
The blizzard demon is lost in a daze.
The deep elf demonologist gestures at you while chanting.
You resist with almost no effort.
The deep elf master archer shoots an arrow.
You block the arrow.
The Tzitzimitl engulfs you but does no damage.
The Tzitzimitl bites you but does no damage.
The deep elf blademaster hits you but does no damage.
The deep elf blademaster closely misses you.
The Executioner gestures.
The Executioner seems to speed up.
The hellwing is lost in a daze.
The Hell Sentinel hits you!
You die...

....... e#e....
.. ##...*.##.°
#.#.ee..e#
##...e....# #
###...§1e.1.#.#
##....(§ee4§...##
....(..e1e13§....
......§§1@e2.....
.....e.§eee4§....
..e..###§###.e...
....##.....##....
..###.......###e.
. #...........# .
#....)......#
#.)..)......#
#...........#


You could see a Hell Sentinel (dazed), 2 Tzitzimimeh, a deep elf blademaster, a
deep elf master archer, a deep elf death mage, an Executioner (dazed), a
blizzard demon (dazed), 2 deep elf sorcerers, a deep elf elementalist, 3 deep
elf demonologists, a hellwing (dazed), an ice devil (dazed) and a sixfirhy
(dazed).

Vanquished Creatures
  Mara (Spider:4)
  Xtahua (Vaults:3)
  The ghost of will825x the Metallomancer, an adept DrCj of Ashenzari (Vaults:2)
  Arachne (Spider:2)
  Asterion (Spider:3)
  2 deep elf blademasters
  2 sphinxes (Vaults:1)
  Frances (Spider:2)
  A storm dragon (Vaults:2)
  Donald (Spider:2)
  2 frost giants (Vaults:3)
  A fire giant (D:13)
  6 deep elf sorcerers
  6 vault wardens
  The ghost of Qann the Dealer of Despair, a journeyman HuNe of Kikubaaqudgha (Lair:3)
  5 ghost moths
  7 emperor scorpions
  Aizul (Spider:2)
  2 deep elf elementalists
  The ghost of TimeIsEndless the Peltast, a journeyman DrEE of Sif Muna (Orc:1)
  3 stone giants
  7 ironheart preservers
  4 entropy weavers
  Azrael (Orc:2)
  3 deep elf demonologists (Elf:3)
  5 spark wasps
  3 deep elf death magi
  3 ettins
  3 deep elf high priests
  4 fire dragons
  4 yaktaur captains
  2 great orbs of eyes
  An ice dragon (Vaults:2)
  Harold (Orc:1)
  6 hydras
  3 vault guards
  A catoblepas (D:13)
  The ghost of Stajl the Fighter, a novice HOFi of Beogh (D:8)
  8 centaur warriors
  Fannar (D:11)
  29 two-headed ogres
  25 dancing weapons
  3 tengu warriors
  13 ogre magi
  The ghost of terminal the Slicer, a novice MiFi of Hepliaklqana (D:9)
  6 death yaks
  3 orc high priests
  A small abomination (Elf:3)
  A storm dragon zombie (Vaults:3)
  18 deep elf knights
  A fire crab (shapeshifter) (D:13)
  A shadow wraith (Vaults:2)
  10 skeletal warriors
  2 glowing orange brains
  7 unseen horrors
  6 deep trolls
  4 necromancers
  6 wizards
  25 deep elf archers
  16 orc knights
  5 harpies (Vaults:3)
  A harpy (shapeshifter) (Vaults:2)
  An orb spider (shapeshifter) (D:13)
  16 orb spiders
  6 ironbrand convokers
  29 wolf spiders
  A tengu skeleton (Vaults:3)
  61 deep elf magi
  2 mana vipers (shapeshifter)
  44 ugly things
  7 orc sorcerers
  A shadow dragon skeleton (Vaults:3)
  5 manticores
  3 cyclopes
  A moth of wrath (shapeshifter) (Elf:2)
  A fire giant zombie (Vaults:3)
  3 oklob plants
  A moth of wrath (Spider:2)
  6 elephants (Lair:5)
  Maurice (Orc:1)
  A guardian serpent (shapeshifter) (Vaults:2)
  2 fire giant skeletons (Vaults:3)
  5 human skeletons (Vaults:3)
  A frost giant skeleton (Vaults:3)
  2 vault sentinels
  4 torpor snails
  6 black mambas
  28 spiny frogs
  A gargoyle (D:10)
  A kobold demonologist (D:12)
  10 komodo dragons
  A rime drake (Lair:1)
  A rime drake (shapeshifter) (Elf:2)
  A freezing wraith (Vaults:2)
  30 yaktaurs
  A yaktaur (shapeshifter) (D:14)
  2 polar bears (Lair:5)
  42 jumping spiders
  14 demonic crawlers
  A tengu conjurer (D:14)
  20 hornets
  A tengu simulacrum (Vaults:3)
  8 trolls
  A polar bear (shapeshifter) (Vaults:1)
  5 tyrant leeches
  13 slime creatures
  7 hippogriffs
  11 blink frogs
  A spriggan (Lair:4)
  A snapping turtle (Lair:3)
  2 shadows
  58 redbacks
  An air elemental (Elf:2)
  4 wraiths
  25 yaks
  2 tarantellas (shapeshifter)
  27 tarantellas
  4 vampires
  An ettin skeleton (Vaults:3)
  7 fire elementals
  A hog (shapeshifter) (D:15)
  A water elemental (Elf:2)
  5 wyverns
  21 humans (D:13)
  2 basilisks
  2 hungry ghosts
  Eustachio (D:5)
  14 vampire mosquitoes
  2 wargs
  2 soldier ants (D:12)
  5 acid dragons
  9 water moccasins
  3 hell hounds (Orc:2)
  15 porcupines
  Duvessa (D:4)
  49 orc warriors
  A deep troll skeleton (Vaults:3)
  9 ice beasts
  5 sky beasts
  6 black bears
  3 eyes of draining
  An ettin simulacrum (Vaults:3)
  5 phantoms
  2 necrophages
  29 ogres
  41 wolves (Lair:4)
  5 boggarts (Vaults:1)
  An elf skeleton (Vaults:3)
  19 centaurs
  17 crocodiles
  A crocodile (shapeshifter) (Vaults:1)
  14 big kobolds
  3 earth elementals
  28 bullfrogs
  A gnoll sergeant (D:8)
  A wyvern zombie (D:14)
  A water moccasin zombie (D:8)
  A wyvern skeleton (D:13)
  5 scorpions
  Dowan (D:4)
  9 killer bees
  20 wights
  4 howler monkeys
  3 centaur zombies
  3 quasits
  4 jellies
  4 crimson imps
  2 bullfrog zombies
  6 hounds
  30 orc priests
  3 bullfrog skeletons
  32 orc wizards
  3 centaur skeletons
  An iguana (D:6)
  15 worker ants
  2 mummies (D:9)
  10 gnolls
  2 worker ant zombies
  19 adders
  5 shadow imps
  An ooze (D:3)
  An adder skeleton (D:8)
  6 worms
  6 dart slugs
  11 leopard geckos
  122 orcs
  4 giant cockroaches
  9 hobgoblins
  8 jackals
  3 quokkas
  A ball python (D:3)
  11 bats
  4 frilled lizards
  14 goblins
  49 kobolds
  A leopard gecko skeleton (D:4)
  2 quokka skeletons
  7 rats
  6 fungi
  A plant (Lair:3)
1611 creatures vanquished.

Vanquished Creatures (collateral kills)
  A ghost moth (Spider:3)
  A yaktaur captain (Vaults:2)
  An ice dragon (Vaults:2)
  2 orc knights
  An orc warrior (Orc:1)
6 creatures vanquished.

Vanquished Creatures (others)
  A dancing weapon (Elf:3)
  3 deep elf magi (Elf:1)
  An orb spider (Spider:4)
  2 jumping spiders
  A centaur (Vaults:3)
  2 orc wizards
  30 fungi
  26 plants
66 creatures vanquished.

Grand Total: 1683 creatures vanquished

Notes
Turn   | Place    | Note
-------+----------+-------------------------------------------
     0 | D:1      | einarkeyser the Minotaur Fighter began the quest for the
                  | Orb.
     0 | D:1      | Reached XP level 1. HP: 19/19 MP: 0/0
   263 | D:1      | Reached XP level 2. HP: 27/27 MP: 1/1
   575 | D:1      | Reached XP level 3. HP: 33/33 MP: 2/2
  1205 | D:2      | Found a radiant altar of Vehumet.
  1365 | D:2      | Found a basalt altar of Yredelemnul.
  1865 | D:2      | Reached XP level 4. HP: 41/41 MP: 3/3
  2399 | D:3      | Reached XP level 5. HP: 30/47 MP: 4/4
  2910 | D:4      | Noticed an ogre
  2912 | D:4      | Found a staircase to the Ecumenical Temple.
  2932 | D:4      | Noticed an ogre
  3052 | D:4      | Reached skill level 5 in Fighting
  3052 | D:4      | Reached skill level 5 in Armour
  3052 | D:4      | Reached skill level 5 in Shields
  3265 | D:4      | Killed an ogre
  3265 | D:4      | Reached XP level 6. HP: 29/56 MP: 5/5
  3660 | D:4      | Reached skill level 5 in Axes
  3660 | D:4      | Reached XP level 7. HP: 62/62 MP: 6/6
  3778 | D:4      | Noticed Duvessa
  3778 | D:4      | Noticed Dowan
  3781 | D:4      | Killed Dowan
  3788 | D:4      | Killed Duvessa
  4131 | Temple   | Entered the Ecumenical Temple
  4238 | Temple   | Became a worshipper of the Shining One
  4276 | D:5      | Entered Level 5 of the Dungeon
  4276 | D:5      | Found Rayf's Jewellery Emporium.
  4307 | D:5      | Reached XP level 8. HP: 58/71 MP: 7/7
  4376 | D:5      | Noticed Eustachio
  4393 | D:5      | Killed Eustachio
  4441 | D:5      | Found Zin's Purification Station.
  4452 | D:5      | Found a glowing silver altar of Zin.
  4633 | D:5      | Found an ornate altar of the Wu Jian Council.
  4855 | D:5      | Reached * piety under the Shining One
  5101 | D:6      | Reached skill level 1 in Dodging
  5449 | D:6      | Reached XP level 9. HP: 81/81 MP: 8/8
  6435 | D:7      | Got a twisted scale mail
  6445 | D:7      | Identified the +3 scale mail of the Salamander {Str-3 Int+2
                  | Dex+6} (You found it on level 7 of the Dungeon)
  6487 | D:8      | Reached ** piety under the Shining One
  6776 | D:8      | Reached XP level 10. HP: 87/91 MP: 9/9
  6945 | D:8      | Found a sparkling altar of Nemelex Xobeh.
  6945 | D:8      | Found a runed translucent gate.
  6945 | D:8      | Found a runed translucent gate.
  6946 | D:8      | Found a runed translucent gate.
  6946 | D:8      | Identified the +9 dagger "Wayrejus" {elec, +Rage Str+3}
  6947 | D:8      | Noticed Stajl's ghost (novice HOFi)
  6996 | D:8      | Reached *** piety under the Shining One
  7225 | D:9      | Found a hide-covered altar of Uskayaw.
  7227 | D:9      | Noticed a +0 dagger
  7227 | D:9      | Noticed a +0 hand axe
  7407 | D:9      | Reached skill level 1 in Invocations
  7416 | D:9      | Reached skill level 1 in Evocations
  7516 | D:9      | Found a staircase to the Lair.
  7604 | D:9      | Found a transporter.
  7608 | D:9      | Found a transporter.
  7608 | D:9      | Noticed terminal's ghost (novice MiFi)
  7845 | D:9      | Noticed a two-headed ogre
  7873 | D:9      | Reached skill level 10 in Fighting
  8128 | D:9      | Reached **** piety under the Shining One
  8128 | D:9      | Reached skill level 10 in Shields
  8438 | D:9      | Found a hide-covered altar of Uskayaw.
  8554 | D:9      | Found a transporter.
  8562 | D:9      | Found a transporter.
  8584 | D:9      | Found a staircase to the Lair.
  9010 | D:9      | Killed a two-headed ogre
  9010 | D:9      | Reached skill level 10 in Armour
  9142 | D:5      | Bought an uncursed ring of poison resistance for 280 gold
                  | pieces
  9318 | D:8      | Killed Stajl's ghost
  9318 | D:8      | Reached XP level 11. HP: 65/101 MP: 12/12
  9400 | Lair:1   | Entered Level 1 of the Lair of Beasts
  9434 | Lair:1   | Reached skill level 10 in Axes
  9486 | Lair:1   | Reached skill level 1 in Short Blades
  9575 | Lair:1   | You fall into a shaft and drop 1 floor!
 10297 | Lair:2   | Found a hole to the Spider Nest.
 10327 | Lair:2   | Noticed a death yak
 10335 | Lair:2   | Noticed a death yak
 10335 | Lair:2   | Noticed a death yak
 10337 | Lair:2   | HP: 2/101 [death yak (19)]
 11099 | Lair:2   | Reached skill level 5 in Invocations
 11363 | Lair:2   | Killed a death yak
 11375 | Lair:2   | Killed a death yak
 11384 | Lair:2   | Killed a death yak
 11384 | Lair:2   | Reached XP level 12. HP: 79/110 MP: 14/14
 11460 | Lair:2   | Reached skill level 5 in Evocations
 11879 | D:5      | Bought an uncursed ring of resist corrosion for 280 gold
                  | pieces
 11987 | D:10     | Entered Level 10 of the Dungeon
 12503 | Lair:3   | Found a large runed translucent door.
 12504 | Lair:3   | Found a large runed translucent door.
 12504 | Lair:3   | Noticed Qann's ghost (journeyman HuNe)
 13017 | Lair:3   | Found a staircase to the Shoals.
 13190 | Lair:3   | Killed Qann's ghost
 13297 | Lair:4   | Got a heavily runed leather armour
 13434 | Lair:4   | Identified the cursed +1 leather armour of the Evening {rC+
                  | Slay-4 Stlth+} (You found it on level 4 of the Lair of
                  | Beasts)
 13897 | Lair:4   | Reached XP level 13. HP: 112/119 MP: 15/15
 14621 | Lair:5   | Found a viscous altar of Jiyva.
 14621 | Lair:5   | Found a staircase to the Slime Pits.
 14625 | Lair:5   | Reached ***** piety under the Shining One
 14815 | Lair:6   | Entered Level 6 of the Lair of Beasts
 15784 | Lair:6   | Reached skill level 5 in Dodging
 16378 | Lair:6   | Reached XP level 14. HP: 118/130 MP: 17/17
 17558 | D:10     | Found a staircase to the Orcish Mines.
 17915 | D:10     | Identified a scroll of acquirement
 17915 | D:10     | Identified the +2 quick blade of Vok Ruj {vorpal, rElec
                  | Dex+3} (You acquired it on level 10 of the Dungeon)
 18081 | D:11     | Found a gate leading to a gauntlet.
 18603 | D:11     | Noticed Fannar
 18621 | D:11     | Killed Fannar
 19008 | D:12     | Found Atatimn's Assorted Antiques.
 19016 | D:12     | Bought a scroll of identify for 48 gold pieces
 19016 | D:12     | Bought a scroll of identify for 48 gold pieces
 19016 | D:12     | Bought a red potion for 21 gold pieces
 19675 | D:5      | Bought an uncursed ring of magical power for 280 gold
                  | pieces
 19676 | D:5      | Bought an uncursed ring of protection from magic for 350
                  | gold pieces
 19779 | Orc:1    | Entered Level 1 of the Orcish Mines
 20101 | Orc:2    | Entered Level 2 of the Orcish Mines
 20159 | Orc:2    | Reached ****** piety under the Shining One
 20189 | Orc:1    | Noticed Maurice
 20208 | Orc:1    | Killed Maurice
 20214 | Orc:1    | Noticed Harold
 20234 | Orc:1    | Killed Harold
 20381 | Orc:1    | Noticed TimeIsEndless's ghost (journeyman DrEE)
 20383 | Orc:1    | Found a runed translucent gate.
 20383 | Orc:1    | Identified the +8 flail "Ricig" {vorpal, rF++}
 20384 | Orc:1    | Found a runed translucent gate.
 20395 | Orc:1    | Found a runed translucent gate.
 20396 | Orc:1    | Identified the cursed +0 dire flail "Yseohiq" {venom, rN+
                  | Dex-4 SInv}
 20401 | Orc:1    | Found a roughly hewn altar of Beogh.
 20722 | Orc:2    | Noticed Azrael
 20736 | Orc:2    | Killed Azrael
 20916 | Orc:2    | Found Kuklilad's Antique Weapon Shoppe.
 20916 | Orc:2    | Found Xoghyun's Magic Scroll Emporium.
 20916 | Orc:2    | Found Sopetz's Armour Emporium.
 20992 | Orc:2    | Found Komuotiw's Assorted Antiques.
 20998 | Orc:2    | Bought a scroll of enchant armour for 90 gold pieces
 20999 | Orc:2    | Bought a +0 hat for 60 gold pieces
 21090 | Orc:2    | Found a roughly hewn altar of Beogh.
 21093 | Orc:2    | Noticed a stone giant
 21118 | Orc:2    | Killed a stone giant
 21281 | Orc:2    | Found a staircase to the Elven Halls.
 21415 | Orc:2    | Bought 2 potions of heal wounds for 310 gold pieces
 21415 | Orc:2    | Bought a scroll of identify for 62 gold pieces
 21415 | Orc:2    | Bought a scroll of identify for 62 gold pieces
 21569 | D:9      | Killed terminal's ghost
 22296 | D:13     | Got a transparent hand axe
 22296 | D:13     | Identified the cursed +1 hand axe of Floods {drain, *Rage
                  | rF+ MR+++} (You found it on level 13 of the Dungeon)
 22348 | D:13     | Reached XP level 15. HP: 139/139 MP: 20/20
 22430 | D:13     | Found a gate to the Vaults.
 22601 | D:13     | Found a runed translucent door.
 22608 | D:13     | Found a runed translucent door.
 22608 | D:13     | Found a runed translucent door.
 22608 | D:13     | Noticed a fire giant
 22663 | D:13     | Identified the ring of Tuoghufa {rPois rN+ Str-5 Dex+2}
 23140 | D:13     | Reached skill level 15 in Fighting
 23274 | D:14     | Reached skill level 15 in Armour
 23302 | D:14     | Found a flagged portal.
 23319 | Bailey   | Entered a bailey
 23499 | Bailey   | Reached skill level 15 in Shields
 24710 | D:14     | Found a sacrificial altar of Ru.
 24880 | D:15     | Entered Level 15 of the Dungeon
 24895 | D:15     | Reached XP level 16. HP: 149/150 MP: 21/21
 25478 | D:15     | Found a staircase to the Depths.
 26003 | Orc:1    | Reached skill level 15 in Axes
 26164 | Orc:1    | Killed TimeIsEndless's ghost
 26391 | Spider:1 | Entered Level 1 of the Spider Nest
 26404 | Spider:1 | Reached skill level 10 in Invocations
 27375 | Spider:2 | Noticed Frances
 27393 | Spider:2 | Killed Frances
 27770 | Spider:2 | Reached XP level 17. HP: 109/160 MP: 23/23
 27994 | Spider:3 | Noticed Arachne
 27994 | Spider:3 | Noticed Aizul
 28121 | Spider:2 | Killed Arachne
 28361 | Spider:3 | Noticed Asterion
 28362 | Spider:3 | Noticed Donald
 28372 | Spider:2 | Killed Aizul
 28464 | Spider:2 | Killed Donald
 28525 | Spider:3 | Gained mutation: You are frail. (-10% HP) [a cacodemon]
 29415 | Spider:3 | Killed Asterion
 29681 | Spider:4 | Entered Level 4 of the Spider Nest
 30957 | Spider:4 | Noticed Mara
 31013 | Spider:4 | Killed Mara
 31209 | Spider:4 | Got a gossamer rune of Zot
 31313 | Spider:4 | Reached XP level 18. HP: 147/154 MP: 4/24
 31980 | Vaults:1 | Entered Level 1 of the Vaults
 33059 | Vaults:1 | Found Fetutaag's Assorted Antiques.
 33843 | Vaults:2 | Reached XP level 19. HP: 144/165 MP: 25/25
 33991 | Vaults:2 | Found a runed translucent door.
 33991 | Vaults:2 | Found a shimmering altar of Xom.
 33991 | Vaults:2 | Noticed will825x's ghost (adept DrCj)
 34016 | Vaults:2 | Killed will825x's ghost
 34021 | Vaults:2 | Got a distressingly furry chain mail
 34034 | Vaults:2 | Identified the +2 chain mail "Palue" {rElec rF+ Regen+
                  | Int+4} (You found it on level 2 of the Vaults)
 34037 | Vaults:2 | Got a crystal war axe
 34038 | Vaults:2 | Identified the +7 war axe of War {protect, +Blink rF++ rN+
                  | Int-4 SInv} (You found it on level 2 of the Vaults)
 34290 | Vaults:2 | Found Ivepiw's Food Boutique.
 34290 | Vaults:2 | Found Juletwyl's Book Boutique.
 34454 | Vaults:2 | Found Osemee Vaqu's Armour Boutique.
 35254 | Vaults:3 | Noticed Xtahua
 35261 | Vaults:3 | Killed Xtahua
 35396 | Vaults:3 | Found Cempe's Book Boutique.
 35615 | Vaults:3 | Found a staircase to the Crypt.
 35965 | Vaults:3 | Found Fiutu's Magic Scroll Shop.
 35968 | Vaults:3 | Paralysed by a great orb of eyes for 6 turns
 36070 | Vaults:3 | Found Docsips's General Store.
 36377 | Elf:1    | Entered Level 1 of the Elven Halls
 36501 | Elf:1    | Identified the cursed +0 leather armour of Lehaiv {Int+2}
 36510 | Elf:1    | Got a pair of transparent gloves
 36524 | Elf:1    | Identified the +1 pair of gloves of Noon {rPois rCorr
                  | Str+3} (You found it on level 1 of the Elven Halls)
 36558 | Elf:1    | Got an ichor-stained chain mail
 36568 | Elf:1    | Identified the cursed +0 chain mail "Muaphaeg" {Regen+}
                  | (You found it on level 1 of the Elven Halls)
 36712 | Elf:1    | Reached XP level 20. HP: 159/178 MP: 27/27
 37662 | Elf:2    | Found a huge runed translucent gate.
 37662 | Elf:2    | Found a huge runed translucent gate.
 37671 | Elf:2    | Found a huge runed translucent gate.
 37829 | Elf:2    | Found a sparkling altar of Nemelex Xobeh.
 37905 | Elf:2    | Found a huge runed translucent gate.
 37905 | Elf:2    | Found a huge runed translucent gate.
 38420 | Elf:3    | Entered Level 3 of the Elven Halls
 38420 | Elf:3    | Found Putagh's Book Emporium.
 39199 | Elf:3    | Identified the +4 ring mail "Olizxom" {MR+}
 39199 | Elf:3    | Identified the amulet of Tacamner {Reflect +Fly rF- MR+
                  | Dex+6 SH+5}
 39201 | Elf:3    | HP: 7/180 [Hell Sentinel[a deep elf demonologist] (12)]
 39203 | Elf:3    | Slain by a Hell Sentinel

Levels and vault maps discovered:
D:1:      dpeg_arrival_arbitrary_a, layout_loops_ring, serial_aquarium,
          aquarium_bridge_straight [aquarium_subvault_bridge,
          aquarium_subvault_balcony, aquarium_subvault_bridge,
          aquarium_subvault_balcony], aquarium_window_corner, aquarium_window_2,
          aquarium_window_1, aquarium_window_1, aquarium_view_2b
D:2:      cheibrodos_old_hovel, layout_loops_ring, old_standard_altar,
          nicolae_overflow_crystal_walls, dk_noncrumbling_3,
          roderic_serpentine_path, st_stairs_7
D:3:      layout_loops_ring, serial_rivers, chequers_serial_rivers_micro_a,
          chequers_serial_rivers_micro_a, chequers_serial_rivers_large_a,
          chequers_serial_rivers_small_3
D:4:      minmay_goblin_kobold_castle, layout_loops_cross,
          minmay_temple_entry_mini_moons, uniq_duvessa
D:5:      cheibrodos_two_vegetables, layout_rooms, zin_purify,
          lemuel_coloured_pillars_altar, first_ration, serial_shops, shop,
          minmay_hedge_maze, uniq_eustachio
D:6:      layout_basic
D:7:      layout_basic, kennysheep_potato
D:8:      layout_basic, old_standard_altar, gammafunk_ghost_nasty_kobolds
D:9:      layout_stronghold, dancing_weapons_uskayaw,
          due_lair_maze_entry_diamond, gammafunk_ghost_mausoleum
D:10:     layout_long_grid, orc_0_dummy
D:11:     layout_cave_pools, gauntlet_entry_generic, blue_anna_alchemist
          [blue_anna_fruit_fields, blue_anna_fruit_fields], uniq_fannar
D:12:     layout_grid_maze, serial_shops, shop
D:13:     minmay_the_grid_triangle_9x9_line_8_mashed
          [minmay_the_grid_triangle_9x9_semitri,
          minmay_the_grid_triangle_9x9_corruption,
          minmay_the_grid_triangle_9x9_fully_insulated_deathbox,
          minmay_the_grid_triangle_9x9_minimal,
          minmay_the_grid_triangle_9x9_pentomino_pain,
          minmay_the_grid_triangle_9x9_intruding_spiral,
          minmay_the_grid_triangle_9x9_alien,
          minmay_the_grid_triangle_9x9_prize_schism], layout_grid_maze,
          grunt_vaults_entry_tiered, corexii_corridor_pit
D:14:     evilmike_horseshoe, layout_basic, enter_bailey_3,
          nicolae_ru_awakened_eye, kennysheep_generic_room_12
D:15:     hangedman_depths_entry_civil_slaughter, layout_gridville,
          nicolae_two_hexagons
Temple:   nicolae_temple_x_marks_the_god
Lair:1:   layout_long_grid, beast_lair_carwin_1
Lair:2:   layout_cave_pods, nicolae_spider_entry_tight_spaces,
          minmay_lair_oklob_chamber
Lair:3:   minmay_lair_venomous_thicket, layout_loops_ring,
          minmay_shoals_entry_hut, ebering_ghost_disaster_area
Lair:4:   layout_gridlike, grunt_forest_large_clearings
Lair:5:   layout_big_grid, slime_altar_1, chequers_serial_rivers_marsh,
          chequers_serial_rivers_micro_a
Lair:6:   minmay_lair_end_frog_pond, layout_regular_city
Spider:1: layout_spider_delve
Spider:2: nicolae_spider_hall_of_the_moth_king, uniq_frances
Spider:3: layout_spider_delve, nicolae_spider_cling_halls, uniq_asterion,
          uniq_arachne, uniq_aizul, uniq_donald
Spider:4: guppyfry_spider_rune, uniq_mara
Orc:1:    layout_caves, biasface_ghost_orc_armoury, uniq_harold, uniq_maurice
Orc:2:    st_orc_mages, layout_caves, basic_altar, uniq_azrael
Elf:1:    eino_elf_arrival_the_gate, layout_gridlike, hangedman_elf_represent
Elf:2:    layout_geoelf_grid, hex_medium, nemelex_altar_shiori
Elf:3:    minmay_elf_hall_hex, layout_loops_corners, serial_shops, shop
Vaults:1: nicolae_vaults_little_squares_1, hangedman_vaults_snaps,
          nicolae_vaults_network_star, hangedman_vaults_maws,
          nicolae_vaults_shelves_hall, ontoclasm_vaults_ring_square,
          hangedman_vaults_capsules, vaults_dpeg_diagonal,
          layout_vaults_big_room, serial_shops, shop
Vaults:2: ebering_vaults_ghost_xom, hangedman_vaults_hard_town_square,
          v_misc_18, ontoclasm_vaults_hangar, v_alt_pattern_2,
          ontoclasm_vaults_spin, vaults_room_corners, ontoclasm_vaults_twist,
          v_alt_pattern_5, layout_vaults_omnigrid
Vaults:3: nicolae_vaults_shelves_hall, nicolae_vaults_murderbox,
          vaults_mumra_chevron_long, v_alt_pattern_3,
          vaults_room_mumra_shop_pool, nicolae_vaults_asterisk,
          minmay_crypt_entry_skeletal_spiral, v_misc_28, v_misc_31,
          grunt_vaults_focal, hangedman_vaults_restitches,
          layout_vaults_maze_bifur, serial_shops, shop, shop_statue,
          nicolae_shop_statue_plus, uniq_jory, uniq_xtahua, uniq_boris
Vaults:4: nicolae_vaults_shelves_hall, nicolae_vaults_asterisk,
          ontoclasm_vaults_pinch, ontoclasm_vaults_chip,
          ontoclasm_vaults_bender, hangedman_vaults_cutoff,
          hangedman_vaults_locks, v_misc_12, nicolae_vaults_mini_display_case,
          v_alt_pattern_6, ontoclasm_vaults_decontamination,
          vaults_room_fancy_cross, layout_vaults_omnibox

Skill      XL: |  1  2  3  4  5  6  7  8  9 10 11 12 13 14 15 16 17 18 19 20 |
---------------+-------------------------------------------------------------+-----
Shields        | 4 5 6 7 9 10 11 12 13 14 15 | 15.0
Fighting       | 4 5 6 7 9 10 11 12 13 14 15 16 18 19 21 22 | 22.2
Armour         | 4 5 6 7 9 10 11 12 13 14 15 16 18 19 21 22 | 22.3
Axes           | 3 4 5 7 8 9 10 11 12 13 14 15 17 18 | 18.0
Dodging        | 1 3 5 6 7 8 9 |  9.0
Invocations    | 3 5 6 8 9 10 12 | 12.0
Evocations     | 2 4 5 6 7 8 9 |  9.0
Short Blades   | 3 |  3.0

Action                   |  1- 3 |  4- 6 |  7- 9 | 10-12 | 13-15 | 16-18 | 19-21 || total
-------------------------+-------+-------+-------+-------+-------+-------+-------++-------
Melee: War axe           |   105 |   140 |   305 |   205 |       |       |       ||   755
       Headbutt          |    14 |    26 |    52 |   134 |   325 |   272 |   183 ||  1006
       Dagger            |       |       |       |   209 |   287 |       |       ||   496
       Broad axe         |       |       |       |   297 |  1196 |  1339 |   849 ||  3681
Throw: Javelin           |       |       |       |     2 |       |       |       ||     2
Invok: Summon Divine War |       |       |       |       |       |     3 |       ||     3
       Cleansing Flame   |       |       |       |       |       |     2 |     2 ||     4
       Divine Shield     |       |       |       |       |       |       |     1 ||     1
Evoke: Wand              |       |       |       |       |       |    10 |     2 ||    12
       Lightning rod     |       |       |       |       |       |     2 |       ||     2
       Fan of gales      |       |       |       |       |       |       |     1 ||     1
  Use: Scroll            |       |     4 |     4 |    14 |    23 |    17 |     9 ||    71
       Potion            |       |       |       |     3 |     4 |    14 |    11 ||    32
  Eat: Chunk             |     2 |     7 |    11 |    13 |    30 |    16 |    18 ||    97
       Ration            |       |       |       |     3 |     2 |     5 |       ||    10
Armor: Scale mail        |    58 |    55 |    49 |       |       |       |       ||   162
       Plate armour      |       |       |    77 |   319 |   743 |   792 |    10 ||  1941
       Skin              |       |       |       |    10 |     2 |    35 |       ||    47
       Leather armour    |       |       |       |     2 |       |       |       ||     2
       Chain mail        |       |       |       |       |       |       |   281 ||   281
Dodge: Dodged            |    43 |    54 |   110 |   158 |   391 |   459 |   237 ||  1452
Block: Kite shield       |    54 |    78 |   175 |   292 |   941 |  1143 |   537 ||  3220
       Tower shield      |       |       |       |   321 |   445 |       |       ||   766

Table legend:
 A = Non-vault XP
 B = Vault XP
 C = Vault XP percentage of total XP
 D = Non-vault monster count
 E = Vault monster count
 F = Vault count percentage of total count
                 A         B        C        D         E       F
            +---------+---------+-------+---------+---------+-------
      Total |  324966 |  245017 |  43.0 |    1023 |     595 |  36.8
            +---------+---------+-------+---------+---------+-------
        D:1 |      50 |       0 |   0.0 |      28 |       0 |   0.0
        D:2 |      79 |       4 |   4.8 |      18 |       3 |  14.3
        D:3 |     145 |       0 |   0.0 |      27 |       0 |   0.0
        D:4 |     338 |     805 |  70.4 |      10 |      52 |  83.9
        D:5 |     598 |     317 |  34.6 |      17 |       3 |  15.0
        D:6 |     651 |       0 |   0.0 |      18 |       0 |   0.0
        D:7 |     660 |      39 |   5.6 |      16 |       1 |   5.9
        D:8 |    2497 |    1621 |  39.4 |      39 |       8 |  17.0
        D:9 |    2694 |    2894 |  51.8 |      29 |      16 |  35.6
       D:10 |    2909 |       0 |   0.0 |      29 |       0 |   0.0
       D:11 |    5140 |    1024 |  16.6 |      32 |       2 |   5.9
       D:12 |    4429 |       0 |   0.0 |      22 |       0 |   0.0
       D:13 |   11844 |   21332 |  64.3 |      55 |      60 |  52.2
       D:14 |   21559 |    6228 |  22.4 |      49 |      17 |  25.8
       D:15 |   12692 |    5008 |  28.3 |      30 |       6 |  16.7
     Lair:1 |    2167 |    1230 |  36.2 |       8 |       9 |  52.9
     Lair:2 |    5552 |    3339 |  37.6 |      15 |      11 |  42.3
     Lair:3 |    2678 |    4085 |  60.4 |      14 |      17 |  54.8
     Lair:4 |    2761 |    4257 |  60.7 |      14 |      36 |  72.0
     Lair:5 |    7943 |    5438 |  40.6 |      23 |      21 |  47.7
     Lair:6 |    6404 |    6878 |  51.8 |      13 |      26 |  66.7
   Spider:1 |   14714 |       0 |   0.0 |      45 |       0 |   0.0
   Spider:2 |   22785 |   14748 |  39.3 |      60 |      16 |  21.1
   Spider:3 |   11558 |    2214 |  16.1 |      25 |       1 |   3.8
   Spider:4 |   18450 |   31371 |  63.0 |      38 |      39 |  50.6
      Orc:1 |    2533 |    6969 |  73.3 |      35 |      21 |  37.5
      Orc:2 |    4192 |    6430 |  60.5 |      43 |      47 |  52.2
      Elf:1 |   19287 |    8781 |  31.3 |      31 |      13 |  29.5
      Elf:2 |   18775 |   23303 |  55.4 |      29 |      28 |  49.1
      Elf:3 |   18727 |   18423 |  49.6 |      30 |      13 |  30.2
   Vaults:1 |   47203 |   11009 |  18.9 |      90 |      17 |  15.9
   Vaults:2 |   30050 |   27505 |  47.8 |      54 |      36 |  40.0
   Vaults:3 |   22902 |   27010 |  54.1 |      37 |      36 |  49.3
     Bailey |       0 |    2755 | 100.0 |       0 |      40 | 100.0
            +---------+---------+-------+---------+---------+-------
